 Dungeon Sprint DCSS version 0.21-a0-153-g78480df (webtiles) character file.

1016 tsouns the Carver (level 8, -3/123 HPs)
             Began as a Barachi Berserker on Jan 9, 2017.
             Was a Priest of Trog.
             Slain by a deep troll (26 damage)
             ... in the Dungeon (Sprint I: "Red Sonja") on Aug 1, 2017.
             The game lasted 00:03:29 (1471 turns).

tsouns the Carver (Barachi Berserker)               Turns: 1471, Time: 00:03:30

Health: -3/123     AC:  2    Str: 22    XL:     8   Next: 21%
Magic:  8/8        EV: 12    Int:  6    God:    Trog [***...]
Gold:   306        SH:  0    Dex: 10    Spells: 7/7 levels left

rFire    . . .     SeeInvis .   a - +0 falchion
rCold    . . .     Gourm    .   (no shield)
rNeg     . . .     Faith    .   b - +0 animal skin
rPois    .         Spirit   .   (no helmet)
rElec    .         Reflect  .   (no cloak)
rCorr    .         Harm     .   (no gloves)
MR       .....     NoTele   +   (no boots)
Stlth    ..........             (no amulet)
HPRegen  0.30/turn              (no ring)
MPRegen  0.11/turn              (no ring)

@: berserking, quick
A: +LOS, swims, slowness 1, strong legs 1
a: Hop, Berserk, Trog's Hand, Burn Spellbooks, Renounce Religion


You were in the Dungeon.
You worshipped Trog.
Trog was most pleased with you.
You were hungry.

You visited 1 branch You collected 603 gold pieces.
You spent 297 gold pieces at shops.

Inventory:

Hand Weapons
 a - a +0 falchion (weapon)
 c - a +0 blowgun
 e - a +0 dagger of venom
Missiles
 h - 4 curare-tipped needles
Armour
 b - a +0 animal skin (worn)
Scrolls
 i - a scroll of blinking
Potions
 d - 4 potions of curing
 f - a potion of haste
 g - 2 potions of magic
 j - 2 potions of heal wounds


   Skills:
 + Level 14.5 Fighting
 + Level 14.5 Long Blades
 - Level 2.4 Armour
 - Level 2.1 Dodging


You had 7 spell levels left.
You didn't know any spells.

Dungeon Overview and Level Annotations

Branches:
Dungeon (1/1)

Altars:
Cheibriados
Dithmenos
Elyvilon
Fedhas
Gozag
Hepliaklqana
Kikubaaqudgha
Nemelex Xobeh
Okawaru
Qazlal
Ru
Sif Muna
Trog
Uskayaw
Vehumet
Yredelemnul
Zin
The Shining One

Shops:
D !


Innate Abilities, Weirdness & Mutations

Shadows flee at your approach. (+LOS)
You can swim through water.
You cover ground slowly.
You can hop short distances.


Message History

The deep troll bites you! The deep troll barely misses you.
The deep troll claws you!
You slash the deep troll!
The deep troll is severely wounded.
You slash the deep troll!
The deep troll is severely wounded.
You closely miss the deep troll.
The deep troll is severely wounded.
The deep troll bites you!! The deep troll claws you!
* * * LOW HITPOINT WARNING * * *
The deep troll claws you!
* * * LOW HITPOINT WARNING * * *
You slash the deep troll!
The deep troll is almost dead.
You barely miss the deep troll.
The deep troll is almost dead.
You barely miss the deep troll.
The deep troll is almost dead.
The deep troll bites you!!
You die...

#..#####'#####'#
#..####..#...#.#
#..#__####..##(#
#..#_____##'#..+
#⌠⌠#_.∩...'..._#
####_..__##_.#+#
#_____###'#
#########.####+###
+...@T$.$$+
#...#######
###.### #.#'#.#
#.....# #..[..#
#######


You could see a deep troll.

Vanquished Creatures
  Sonja (D)
  Sigmund (D)
  A yak (D)
  An ogre (D)
  A jelly (D)
  Ijyb (D)
  3 ballistomycetes (D)
9 creatures vanquished.

Vanquished Creatures (others)
  2 ballistomycete spores (D)
2 creatures vanquished.

Grand Total: 11 creatures vanquished

Notes
Turn   | Place    | Note
-------+----------+-------------------------------------------
     0 | D        | tsouns the Barachian Berserker began the quest for the Orb.
     0 | D        | Reached XP level 1. HP: 18/18 MP: 1/1
     1 | D        | Noticed Ijyb
     7 | D        | Killed Ijyb
     7 | D        | Reached skill level 5 in Fighting
     7 | D        | Reached skill level 5 in Long Blades
     7 | D        | Reached XP level 2. HP: 27/27 MP: 2/2
     7 | D        | Reached XP level 3. HP: 33/33 MP: 3/3
    59 | D        | Noticed an ogre
    66 | D        | Killed an ogre
    66 | D        | Reached XP level 4. HP: 39/44 MP: 4/4
   177 | D        | Noticed Sigmund
   188 | D        | Killed Sigmund
   188 | D        | Reached ** piety under Trog
   188 | D        | Reached skill level 10 in Fighting
   188 | D        | Reached skill level 10 in Long Blades
   188 | D        | Reached XP level 5. HP: 24/53 MP: 5/5
   188 | D        | Reached XP level 6. HP: 28/60 MP: 6/6
   383 | D        | Found a deep blue altar of Sif Muna.
   385 | D        | Found a radiant altar of Vehumet.
   616 | D        | Found Pyapriotesk's Distillery.
   616 | D        | Found an ancient bone altar of Kikubaaqudgha.
   616 | D        | Found a hazy altar of Hepliaklqana.
   616 | D        | Found a hide-covered altar of Uskayaw.
   616 | D        | Found a basalt altar of Yredelemnul.
   616 | D        | Found an opulent altar of Gozag.
   616 | D        | Found a snail-covered altar of Cheibriados.
   616 | D        | Found a sacrificial altar of Ru.
   616 | D        | Found a shadowy altar of Dithmenos.
   616 | D        | Noticed a yak
   629 | D        | Killed a yak
   629 | D        | Reached XP level 7. HP: 39/68 MP: 7/7
   630 | D        | Found a stormy altar of Qazlal.
   630 | D        | Found a blossoming altar of Fedhas.
   630 | D        | Found a bloodstained altar of Trog.
   630 | D        | Found an iron altar of Okawaru.
   630 | D        | Found a glowing golden altar of the Shining One.
   630 | D        | Found a glowing silver altar of Zin.
   630 | D        | Found a white marble altar of Elyvilon.
   631 | D        | Found a sparkling altar of Nemelex Xobeh.
   635 | D        | Bought a potion of curing for 33 gold pieces
   635 | D        | Bought a potion of invisibility for 88 gold pieces
   635 | D        | Bought a potion of haste for 110 gold pieces
   635 | D        | Bought 2 potions of curing for 66 gold pieces
   815 | D        | Noticed Sonja
   843 | D        | Killed Sonja
   843 | D        | Reached *** piety under Trog
   843 | D        | Reached XP level 8. HP: 26/79 MP: 8/8
  1210 | D        | Upgraded the game from 0.20-a0-454-g2b43fbb to 0.21-a0-153-g78480df
  1459 | D        | Noticed a deep troll
  1471 | D        | Slain by a deep troll

Vault maps used:
D:        dungeon_sprint_1

Skill      XL: |  1  2  3  4  5  6  7  8 |
---------------+-------------------------+-----
Fighting       | 5 7 10 11 13 14 | 14.5
Long Blades    | 5 7 10 11 13 14 | 14.5
Armour         | |  2.4
Dodging        | |  2.1

Action                   |  1- 3 |  4- 6 |  7- 9 || total
-------------------------+-------+-------+-------++-------
Melee: Falchion          |    10 |    26 |    46 ||    82
Invok: Berserk           |     2 |     1 |     1 ||     4
       Trog's Hand       |       |       |     1 ||     1
  Use: Potion            |       |     1 |     6 ||     7
 Stab: Invisible         |       |       |     3 ||     3
  Eat: Bread ration      |       |     1 |       ||     1
Armor: Animal skin       |       |       |     5 ||     5
Dodge: Dodged            |     4 |     7 |    34 ||    45
       Rpst.: Falchion   |       |     2 |     3 ||     5
